 Dungeon Crawl Stone Soup version 0.24-a0-528-g98e85ec62a (webtiles) character file.

Game seed: 5751755967362538815

126 Mithandil the Ruffian (level 4, 0/45 HPs)
             Began as a Troll Monk on Aug 5, 2019.
             Succumbed to an orc wizard's poison
             ... while paralysed by Grinder
             ... on level 3 of the Dungeon.
             The game lasted 00:11:07 (2075 turns).

Mithandil the Ruffian (Troll Monk)                  Turns: 2075, Time: 00:11:07

Health: 0/45       AC:  6    Str: 20    XL:     4   Next: 83%
Magic:  3/3        EV:  1    Int:  6    God:
Gold:   88         SH:  0    Dex: 12    Spells: 3/3 levels left

rFire    . . .     SeeInvis .     - Unarmed
rCold    . . .     Gourm    +   (no shield)
rNeg     . . .     Faith    .   a - +0 robe
rPois    .         Spirit   .   (helmet restricted)
rElec    .         Reflect  .   (no cloak)
rCorr    .         Harm     .   (gloves unavailable)
MR       .....                  (boots unavailable)
Stlth    ++........             (no amulet)
HPRegen  0.55/turn              (no ring)
MPRegen  0.08/turn              (no ring)

@: paralysed, lethally poisoned (0 -> -13), lightly drained
A: large, unfitting armour, claws 3, fast metabolism 3, gourmand, regeneration
1, shaggy fur 1, tough skin 3
a: no special abilities


You were on level 3 of the Dungeon.
You were very full.

You visited 1 branch of the dungeon, and saw 3 of its levels.

You collected 88 gold pieces.

Inventory:

Hand Weapons
 d - a +0 whip
 h - a +0 spear
 k - a +0 hand axe of draining
 l - a +0 short sword
 m - a +0 hunting sling
Missiles
 c - 24 sling bullets
 n - 32 stones (quivered)
Armour
 a - a +0 robe (worn)
 e - a +2 robe of magic resistance
 r - a +0 shield
Wands
 p - a wand of random effects (21)
Scrolls
 i - a scroll of teleportation {unknown}
 j - 2 scrolls of identify {unknown}
 s - a scroll of amnesia {unknown}
Potions
 f - a potion of degeneration {unknown}
 g - a potion of mutation {unknown}
 o - a potion of heal wounds {unknown}
 q - a potion of ambrosia {unknown}
 t - a potion of flight {unknown}
Comestibles
 b - 7 rations


   Skills:
 + Level 3.1 Fighting
 + Level 3.0 Dodging
 + Level 1.6 Stealth
 + Level 0.4 Shields
 + Level 3.7 Unarmed Combat


You had 3 spell levels left.
You didn't know any spells.
Your spell library was empty.

Dungeon Overview and Level Annotations

Branches:
Dungeon (3/15)

Altars:
Gozag
Trog
Vehumet

Annotations:
D:3 Grinder, Natasha, Sigmund


Innate Abilities, Weirdness & Mutations

You are too large for most types of armour.
You have claws for hands.
Your metabolism is lightning-fast.
You like to eat raw meat.
Your natural rate of healing is unusually fast.
You are covered in fur. (AC +1)
You have extremely tough skin. (AC +3)


Message History

You writhe in agony.
* * * LOW HITPOINT WARNING * * *
The orc barely misses you.
You claw the orc!
You kill the orc!
* * * LOW HITPOINT WARNING * * *
You feel sick. Grinder barely misses you.
You barely miss the orc priest.
* * * LOW HITPOINT WARNING * * *
You feel sick.
The orc priest hits you but does no damage.
Grinder hits you but does no damage.
You claw the orc priest!
The orc priest is almost dead.
* * * LOW HITPOINT WARNING * * *
You feel sick.
The orc priest hits you but does no damage.
Grinder gestures at you.
You suddenly lose the ability to move!
You die...

#ยง######.#........<
#... ........#####.
#..####.####.......
#..##.....##.#####.
#..#.......#..# #.
#.#.[.....#..####.
#....._...........
#5#.......#.......
#@#.......#..#####
#o##.....##..#
#h####.####..# #$.
..... ...#
#######......#
#######


You could see Grinder, an orc priest and Natasha.

Vanquished Creatures
  An orc wizard (D:3)
  Robin (D:3)
  An adder (D:3)
  A worm (D:2)
  4 orcs (D:3)
  3 bats
  A bat zombie (D:1)
  2 giant cockroaches
  16 goblins
  10 hobgoblins
  9 jackals
  A quokka (D:3)
  3 frilled lizards
  A giant cockroach zombie (D:1)
  4 kobolds
  7 rats
65 creatures vanquished.

Notes
Turn   | Place    | Note
-------+----------+-------------------------------------------
     0 | D:1      | Mithandil the Troll Monk began the quest for the Orb.
     0 | D:1      | Reached XP level 1. HP: 22/22 MP: 0/0
   267 | D:1      | Reached XP level 2. HP: 29/29 MP: 1/1
  1122 | D:3      | Found an opulent altar of Gozag.
  1124 | D:3      | Noticed Robin
  1126 | D:3      | Reached XP level 3. HP: 28/36 MP: 2/2
  1228 | D:3      | Killed Robin
  1379 | D:3      | Reached XP level 4. HP: 40/44 MP: 3/3
  2006 | D:3      | Found a radiant altar of Vehumet.
  2014 | D:3      | Noticed Sigmund
  2040 | D:3      | Found a bloodstained altar of Trog.
  2062 | D:3      | Noticed Grinder
  2063 | D:3      | Noticed Natasha
  2074 | D:3      | HP: 2/45 [poisoned by an orc wizard]
  2074 | D:3      | Paralysed by Grinder for 4 turns
  2075 | D:3      | Succumbed to an orc wizard's poison

Levels and vault maps discovered:
D:1:      saegor_arrival_fortress, layout_loops_corners, minivault_19
D:2:      layout_loops_cross
D:3:      layout_loops_ring, elyvilon_altar_3, overflow_temple_1_default,
          old_standard_altar, grunt_gozag_statues,
          chequers_ecumenical_altar_simple, first_ration, minmay_statues_item,
          chequers_garden, lemuel_statue_altar, uniq_grinder, uniq_robin,
          uniq_sigmund, uniq_natasha

Skill      XL: |  1  2  3  4 |
---------------+-------------+-----
Fighting       | 3 |  3.1
Dodging        | 3 |  3.0
Stealth        | |  1.6
Shields        | |  0.4
Unarmed Combat | |  3.7

Action                   |  1- 3 |  4- 6 || total
-------------------------+-------+-------++-------
Melee: Unarmed           |    84 |    59 ||   143
       Punch             |     1 |     1 ||     2
 Stab: Sleeping          |     1 |     1 ||     2
  Eat: Chunk             |    18 |     6 ||    24
Armor: Robe              |    39 |    16 ||    55
Dodge: Dodged            |    47 |    30 ||    77

Table legend:
 A = Non-vault XP
 B = Vault XP
 C = Vault XP percentage of total XP
 D = Non-vault monster count
 E = Vault monster count
 F = Vault count percentage of total count
                 A         B        C        D         E       F
            +---------+---------+-------+---------+---------+-------
      Total |     139 |      41 |  22.8 |      50 |      15 |  23.1
            +---------+---------+-------+---------+---------+-------
        D:1 |      17 |       3 |  15.0 |      10 |       2 |  16.7
        D:2 |      47 |       1 |   2.1 |      28 |       1 |   3.4
        D:3 |      75 |      37 |  33.0 |      12 |      12 |  50.0
            +---------+---------+-------+---------+---------+-------
